 Dungeon Crawl Stone Soup version 0.30-a0-879-ga8ba668304 (webtiles) character file.

Game seed: 7449579998736789003

105 Zenkrye the Poker (level 5, 0/41 HPs)
             Began as a Human Cinder Acolyte on Mar 13, 2023.
             Was a High Priest of Ignis.
             Killed from afar by an orc wizard (6 damage)
             ... with a magic dart
             ... on level 3 of the Dungeon.
             The game lasted 00:05:19 (2286 turns).

Zenkrye the Poker (Human Cinder Acolyte)            Turns: 2286, Time: 00:05:20

Health: 0/41       AC:  5    Str: 16    XL:     5   Next: 9%
Magic:  0/6        EV: 10    Int: 15    God:    Ignis [*****.]
Gold:   154        SH:  0    Dex:  8    Spells: 4/6 levels left

rFire   + . .      SeeInvis .    a - -1 spear (flame)
rCold   . . .      Faith    .    (no shield)
rNeg    . . .      Spirit   .    d - +0 ring mail
rPois   .          Reflect  .    (no helmet)
rElec   .          Rampage  .    (no cloak)
rCorr   .                        (no gloves)
Will    .....                    (no boots) Stlth
                                 (no amulet)
HPRegen 0.26/turn                (no ring)
MPRegen 0.10/turn                (no ring)

@: no status effects
A: no striking features
a: Renounce Religion, Fiery Armour, Foxfire Swarm, Rising Flame


You were on level 3 of the Dungeon.
You worshipped Ignis.
Ignis was extremely pleased with you.
You visited 1 branch of the dungeon, and saw 3 of its levels.

You collected 154 gold pieces.

Inventory:

Hand Weapons
 a - a -1 spear of flaming (weapon)
 n - a +0 trident
 o - a +0 trident
Missiles
 c - 2 poisoned darts (quivered)
Armour
 b - a +0 robe
 d - a +0 ring mail (worn)
 j - a +0 scale mail
Wands
 m - a wand of iceblast (6) {@v4}
Scrolls
 e - a scroll of magic mapping
 h - a scroll of brand weapon {unknown}
 i - a scroll of identify {@r1}
Potions
 f - a potion of flight
 g - a potion of berserk rage {unknown}
 k - 4 potions of heal wounds {@q2}
 l - a potion of degeneration {unknown}


   Skills:
 - Level 3.0 Fighting
 + Level 5.4 Polearms
 - Level 1.0 Spellcasting
 - Level 3.0 Fire Magic


You had 4 spell levels left.
You knew the following spells:

 Your Spells              Type           Power      Damage    Failure   Level
a - Scorch                Fire           18%        2d5       21%         2

Your spell library contained the following spells:

 Spells                   Type           Power      Damage    Failure   Level
 Necrotise                Necr           0%         1d4       43%         1
 Vampiric Draining        Necr           0%         2d6       80%         3
 Agony                    Necr           0%         N/A       100%        5


Dungeon Overview and Level Annotations

Branches:
Dungeon (3/15)

Altars:
Cheibriados
Nemelex Xobeh
Xom

Shops:
D:3 :


Message History

You bump into the rock wall.
Something hits you but does no damage.
You're too confused to move!
You feel less confused.
You hear some strange, mumbled words.
Something tries to affect you, but you resist.
You hit something but do no damage. Something hits you but does no damage.
You miss something. Something hits you but does no damage.
You miss something. Something hits you.
Your magical contamination has completely faded away.
You hit something but do no damage. You hit something but do no damage.
Something hits you.
You hit something but do no damage. Something hits you but does no damage.
You miss something. Something hits you.
* * * LOW HITPOINT WARNING * * *
You closely miss something.
You hear some strange, mumbled words.
You are confused.
You bump into the rock wall.
You hear some strange, mumbled words.
A puff of flame appears from out of thin air!
The puff of flame hits you. You resist.
* * * LOW HITPOINT WARNING * * *
You completely miss something. You barely miss something. Something hits you.
* * * LOW HITPOINT WARNING * * *
You bump into the rock wall.
Something hits you but does no damage.
You bump into the rock wall.
Something hits you but does no damage.
You bump into the rock wall.
You feel less confused.
You hear some strange, mumbled words.
A magic dart appears from out of thin air!
The magic dart hits you.
* * * LOW HITPOINT WARNING * * *
Casting: Scorch (safe; 21% risk of failure)
Confirm with . or Enter, or press ? or * to list all spells.
Flames lash something.
You hear some strange, mumbled words.
A magic dart appears from out of thin air!
The magic dart hits you.
You die...

..<.............#
.##.#...........#
.# .#...........#
# .##...o......#
## ###.........##
... #.......####
... ###.##.....#
... #.###.##{# ...
#..##...@# ...
##..#..### ...
##....# .....
#...##
.....######...####
.................#
.................#
..........∩......#
...........<.....#


There were no monsters in sight!

Vanquished Creatures
  Jessica (D:2)
  2 adders (D:2)
  2 dart slugs (D:2)
  8 orcs
  5 endoplasms
  A giant cockroach (D:1)
  4 goblins
  4 hobgoblins
  2 jackals (D:3)
  3 quokkas
  A ball python (D:3)
  4 bats
  4 frilled lizards
  2 kobolds
  6 rats
49 creatures vanquished.

Notes
Turn   | Place    | Note
-------+----------+-------------------------------------------
     0 | D:1      | Zenkrye the Human Cinder Acolyte began the quest for the
                  | Orb.
     0 | D:1      | Reached XP level 1. HP: 18/18 MP: 2/2
   155 | D:1      | You fall into a shaft and drop 1 floor!
   181 | D:2      | Reached XP level 2. HP: 24/24 MP: 3/3
   192 | D:2      | Learned a level 2 spell: Scorch
   243 | D:2      | Reached skill level 4 in Polearms
   243 | D:2      | Reached XP level 3. HP: 27/29 MP: 1/4
  1184 | D:2      | Found a shimmering altar of Xom.
  1360 | D:2      | Noticed Jessica
  1370 | D:2      | Killed Jessica
  1371 | D:2      | Reached XP level 4. HP: 35/35 MP: 0/5
  1468 | D:2      | Reached skill level 5 in Polearms
  1818 | D:3      | Found a sparkling altar of Nemelex Xobeh.
  1953 | D:3      | Found a snail-covered altar of Cheibriados.
  1982 | D:3      | Found a shimmering altar of Xom.
  1982 | D:3      | Found a shimmering altar of Xom.
  1983 | D:3      | Found a shimmering altar of Xom.
  1985 | D:3      | Found a shimmering altar of Xom.
  2006 | D:3      | Reached XP level 5. HP: 30/41 MP: 6/6
  2211 | D:3      | Found Qolloll's Book Shop.
  2286 | D:3      | Killed from afar by an orc wizard

Illustrated notes

Levels and vault maps discovered:
D:1:      saegor_arrival_simple_c, layout_basic
D:2:      layout_basic, basic_altar, uniq_jessica
D:3:      layout_rooms, mainiacjoe_overflow_paths, old_standard_altar,
          xom_redecorated, serial_shops, shop, minivault_5,
          reono_crystal_passage

Skill      XL: |  1  2  3  4 |
---------------+-------------+-----
Polearms       | 4 5 |  5.4
Fighting       | |  3.0
Spellcasting   | |  1.0
Fire Magic     | |  3.0

Action                     |  1- 3 |  4- 6 || total
---------------------------+-------+-------++-------
  Melee: Spear             |   150 |    96 ||   246
  Throw: Dart              |       |     3 ||     3
   Cast: Scorch            |     3 |     8 ||    11
    Use: Scroll            |     5 |     1 ||     6
 Armour: Robe              |    13 |       ||    13
         Ring mail         |     6 |    34 ||    40
         Scale mail        |     5 |       ||     5
  Dodge: Dodged            |    82 |    29 ||   111

Table legend: (Time is in decaauts)
 A = Elapsed time spent in this place.
 B = Non-inter-level travel time spent in this place.
 C = Inter-level travel time spent in this place.
 D = Time resting spent in this place.
 E = Time spent auto-exploring this place.
 F = Levels seen in this place.
 G = Mean time per level.
                   A        B        C        D        E       F      G
               +--------+--------+--------+--------+--------+-----+--------+
         Total |   2258 |   2203 |     55 |     49 |   1640 |   3 |  752.7 |
       Dungeon |   2258 |   2203 |     55 |     49 |   1640 |   3 |  752.7 |
               +--------+--------+--------+--------+--------+-----+--------+

Top non-repeatable levels by time:
     D:2: 978 daAuts
     D:1: 844 daAuts
     D:3: 435 daAuts
